[Event "Late-Titled-Tuesday-Blitz-October-24-2023"]
[Site "Chess.com"]
[Date "2023.10.24"]
[Round "7"]
[White "Sjakkerntobi"]
[Black "AndresDelgado77"]
[Result "1-0"]
[WhiteElo "2513"]
[BlackElo "2351"]
[TimeControl "180+1"]
[EndTime "15:13:41 PDT"]
[Termination "Sjakkerntobi won on time"]

1. e4 e6 2. d4 d5 3. Nc3 Nf6 4. e5 Nfd7 5. f4 c5 6. Nf3 Nc6 7. Be3 cxd4 8. Nxd4 Qb6 9. Qd2 Qxb2 10. Rb1 Qa3 11. Bb5 Ndb8 12. f5 a6 13. Bxc6+ Nxc6 14. fxe6 fxe6 15. Nxc6 bxc6 16. O-O Bc5 17. Rb3 Bxe3+ 18.
Qxe3 Qe7 19. Na4 Bd7 20. Nb6 Rd8 21. Qe2 Rf8 22. Rfb1 Qc5+ 23. Kh1 Rf2 24. Qh5+ g6 25. Qxh7 Qxc2 26. Nxd7 Rxd7 27. Rb8+ Rd8 28. Rxd8+ 1-0

[Event "Late-Titled-Tuesday-Blitz-October-24-2023"]
[Site "Chess.com"]
[Date "2023.10.24"]
[Round "7"]
[White "miraitrunks"]
[Black "Hirna2005"]
[Result "0-1"]
[WhiteElo "2105"]
[BlackElo "2313"]
[TimeControl "180+1"]
[EndTime "15:13:43 PDT"]
[Termination "Hirna2005 won by resignation"]

1. e4 g6 2. d4 Bg7 3. Nc3 d6 4.
Nge2 a6 5. a4 Nc6 6. Be3 Nf6 7.
h3 O-O 8. g4 Rb8 9. Ng3 e5 10. d5 Nd4 11. g5 Nd7 12. h4 f5 13.
exf5 Nxf5 14. Nxf5 gxf5 15. Qh5 f4 16. Bd2 a5 17. Bd3 Rf7 18. Bxh7+ Kf8 19. Bg6 Qe7 20. Bxf7 Qxf7 21. g6 Qe7 22. Ne4 Nf6 23. Nxf6 Qxf6 24. Qg5 Qxg5 25. hxg5 Bf5 26. O-O-O Bxg6 27. Bxa5 b6 28.
Bc3 Kf7 29. f3 Ra8 30. b3 b5 31. axb5 Rb8 32. Kb2 Rxb5 33. Ra1 Rxd5 34. Ra7 Rc5 35.
Ba5 e4+ 36. c3 exf3 37. Bxc7 Bxc3+ 38. Ka3 Ke6 39. b4 Rd5 40. Kb3 Rd3 41. Ra6 Be5+ 42.
Ka2 f2 0-1

[Event "Late-Titled-Tuesday-Blitz-October-24-2023"]
[Site "Chess.com"]
[Date "2023.10.24"]
[Round "7"]
[White "cthulhuuu"]
[Black "Dacean99"]
[Result "0-1"]
[WhiteElo "2419"]
[BlackElo "2589"]
[TimeControl "180+1"]
[EndTime "15:13:45 PDT"]
[Termination "Dacean99 won on time"]

1. e4 e6 2. d3 d5 3. Nd2 Nf6 4. Ngf3 c5 5. g3 Nc6 6. Bg2 Be7 7. O-O O-O 8. e5 Nd7 9. Re1 Qc7 10. Qe2 b5 11. h4 a5 12. Nf1 Ba6 13. Bf4 c4 14. d4 c3 15. b3 a4 16. Ne3 b4 17.
Qd1 axb3 18. axb3 Bb5 19. Rxa8 Rxa8 20. Nxd5 exd5 21. e6 Qd8 22. exf7+ Kh8 23. Ng5 Nf8 24. Qh5 Nxd4 25. Nxh7 Nxh7 26. Bxd5 Be2 27. g4 Ra5 28. Be4 Rxh5 0-1

[Event "Late-Titled-Tuesday-Blitz-October-24-2023"]
[Site "Chess.com"]
[Date "2023.10.24"]
[Round "7"]
[White "egnfanclub"]
[Black "gahryman"]
[Result "0-1"]
[WhiteElo "2381"]
[BlackElo "2672"]
[TimeControl "180+1"]
[EndTime "15:13:46 PDT"]
[Termination "gahryman won by resignation"]

1. e4 c5 2. Nc3 Nc6 3. f4 g6 4.
Nf3 Bg7 5. Bc4 e6 6. f5 Nge7 7.
fxe6 fxe6 8. d3 d5 9. Bb3 b5 10. O-O c4 11. dxc4 dxc4 12. Qxd8+ Kxd8 13. Nxb5 cxb3 14. Ng5 bxc2 15. Rf2 Nd4 16. Rd2 Nc6 17. Nf7+ Ke7 18. Nxh8 Bxh8 19. a4 a6 20. Nc3 Nb3 0-1

[Event "Late-Titled-Tuesday-Blitz-October-24-2023"]
[Site "Chess.com"]
[Date "2023.10.24"]
[Round "7"]
[White "GlavkonVVS"]
[Black "KorolDimitriy75"]
[Result "1-0"]
[WhiteElo "2526"]
[BlackElo "2364"]
[TimeControl "180+1"]
[EndTime "15:13:53 PDT"]
[Termination "GlavkonVVS won on time"]

1. Nf3 c5 2. c4 g6 3. g3 Bg7 4. Bg2 Nc6 5. Nc3 Nh6 6. O-O Nf5 7. e3 h5 8. h4 a6 9. a3 Rb8 10. Rb1 b5 11. cxb5 axb5 12. b4 cxb4 13. axb4 e6 14. d4 d5 15. Ne1 Nd6 16. Nd3 Nc4 17. Nc5 O-O 18. Ne2 Qb6 19. Nf4 Rd8 20. Bd2 Bd7 21. Bc3 Be8 22. g4 hxg4 23. Qxg4 Qa7 24. h5 e5 25. Nxd5 exd4 26. exd4 Ne7 27. Ra1 Nxd5 28. Rxa7 Nxc3 29. hxg6 Rxd4 30. gxf7+ Bxf7 31. Qf3 Rf8 32. Nd7 Rf4 33. Qh3 Ne2+ 34. Kh1 Nd2 35. Nxf8 Nxf1 36. Bxf1 Rxf2 37. Bg2 1-0

[Event "Late-Titled-Tuesday-Blitz-October-24-2023"]
[Site "Chess.com"]
[Date "2023.10.24"]
[Round "7"]
[White "Evandro_Barbosa"]
[Black "ExchangeAB"]
[Result "1-0"]
[WhiteElo "2672"]
[BlackElo "2503"]
[TimeControl "180+1"]
[EndTime "15:13:55 PDT"]
[Termination "Evandro_Barbosa won by resignation"]

1. e4 c6 2. Nc3 d5 3. Nf3 Bg4 4. h3 Bxf3 5. Qxf3 e6 6. d4 Nd7 7. Bd3 dxe4 8. Nxe4 Ndf6 9. c3 Nxe4 10. Bxe4 Nf6 11.
Bc2 Qd5 12. Ke2 Qxf3+ 13. Kxf3 g6 14. Re1 Bg7 15. a4 O-O 16. a5 Nd7 17. a6 b6 18. g4 c5 19. Be4 Rac8 20. Bb7 Rc7 21.
Bf4 e5 22. dxe5 Nb8 23. Kg2 Re7 24. Bg3 g5 25. Rad1 Rfe8 26. Rd5 h6 27. f4 gxf4 28.
Bxf4 Re6 29. Red1 Nc6 30. Bxc6 Rxc6 31. Rd6 Rec8 32. Rxc6 Rxc6 33. Rd7 b5 34. Rxa7 b4 35. c4 Kh7 36. Kf3 Kg6 37. Ke4 1-0

[Event "Late-Titled-Tuesday-Blitz-October-24-2023"]
[Site "Chess.com"]
[Date "2023.10.24"]
[Round "7"]
[White "Escudito"]
[Black "katharinareinecke"]
[Result "1-0"]
[WhiteElo "2465"]
[BlackElo "1858"]
[TimeControl "180+1"]
[EndTime "15:13:58 PDT"]
[Termination "Escudito won by checkmate"]

1. d4 d5 2. c4 c6 3. cxd5 cxd5 4. Nc3 Nf6 5. Bf4 e6 6. e3 Bd6 7. Bxd6 Qxd6 8. Bd3 a6 9. f4 O-O 10. Nf3 Nbd7 11.
O-O b5 12. Ne5 Bb7 13. Qf3 Nb6 14. a3 Nc4 15. Rab1 Nd2 16. Qh3 Nxb1 17. Bxb1 b4 18. Na4 bxa3 19. Nc5 Bc6 20. bxa3 g6 21. Qh4 Ne4 22.
Rf3 Nxc5 23. Rh3 h5 24. Qg5 Qd8 25. Qh6 Qf6 26. Nxc6 Ne4 27. Bxe4 dxe4 28. Rxh5 gxh5 29. Qxf6 Kh7 30. Ne5 Rac8 31. Nxf7 Rc1+ 32. Kf2 Rc2+ 33. Kg3 Rg8+ 34. Ng5+ Rxg5+ 35. fxg5 Rc3 36. g6+ Kg8 37. Qf7+ Kh8 38. Qh7# 1-0

[Event "Late-Titled-Tuesday-Blitz-October-24-2023"]
[Site "Chess.com"]
[Date "2023.10.24"]
[Round "7"]
[White "FedaMaster"]
[Black "jup1978"]
[Result "1-0"]
[WhiteElo "2658"]
[BlackElo "2493"]
[TimeControl "180+1"]
[EndTime "15:13:59 PDT"]
[Termination "FedaMaster won by resignation"]

1. e4 c5 2. d4 cxd4 3. c3 Nf6 4. e5 Nd5 5. Nf3 d6 6. Qxd4 e6 7. Nbd2 Nc6 8. Bb5 Bd7 9. Bxc6 Bxc6 10. Nc4 dxe5 11.
Nfxe5 Rc8 12. Nxc6 Rxc6 13. Ne5 Ra6 14. c4 Bb4+ 15.
Kf1 Qb6 16. Qg4 O-O 17. cxd5 Qb5+ 18. Qe2 Qxd5 19. Bf4 Rxa2 20. Rxa2 Qxa2 21. g3 Qd5 22. Qf3 Qd4 23. Qxb7 Bc5 24. Qf3 f6 25. Nc6 Qxb2 26.
Kg2 Qb6 27. Rc1 h6 28. Qe4 e5 29. Qd5+ 1-0

[Event "Late-Titled-Tuesday-Blitz-October-24-2023"]
[Site "Chess.com"]
[Date "2023.10.24"]
[Round "7"]
[White "Roedor"]
[Black "carloseduar100"]
[Result "1-0"]
[WhiteElo "2437"]
[BlackElo "2287"]
[TimeControl "180+1"]
[EndTime "15:13:59 PDT"]
[Termination "Roedor won by resignation"]

1. d4 d5 2. c4 e5 3. dxe5 d4 4. Nf3 Nc6 5. g3 Nge7 6. Bg2 Ng6 7. O-O Bg4 8. Nbd2 Qd7 9. a3 h5 10. h4 O-O-O 11. b4 Ncxe5 12. c5 d3 13. Bb2 f6 14.
Re1 Bh3 15. Nxe5 Nxe5 16. Bxe5 Bxg2 17. Kxg2 fxe5 18. exd3 Qxd3 19. Nf3 Qf5 20. Qb1 Qf6 21.
Qe4 g6 22. Qxe5 Qxe5 23. Nxe5 Bg7 24. Nf7 Bxa1 25. Rxa1 Rhf8 26. Nxd8 Rxd8 27. Ra2 c6 28. Re2 Rd3 29. Re6 Rxa3 30. Rxg6 Rb3 31. g4 Rxb4 32. Kg3 hxg4 33. h5 Rb1 34. h6 Rh1 35. Kxg4 a5 36.
Kg5 a4 37. Rg8+ Kc7 38. Ra8 b5 39. h7 Rxh7 40. Ra7+ Kb8 41. Rxh7 b4 42. Rh4 1-0

[Event "Late-Titled-Tuesday-Blitz-October-24-2023"]
[Site "Chess.com"]
[Date "2023.10.24"]
[Round "7"]
[White "The_Straightforward_Rook"]
[Black "KVAIDAN"]
[Result "0-1"]
[WhiteElo "2562"]
[BlackElo "2432"]
[TimeControl "180+1"]
[EndTime "15:14:07 PDT"]
[Termination "KVAIDAN won by checkmate"]

1. d4 d5 2. Nf3 Nf6 3. c4 dxc4 4.
e3 Be6 5. Na3 c6 6. Nxc4 g6 7.
Be2 Bg7 8. O-O O-O 9. b3 Bd5 10.
Bb2 Nbd7 11. Rc1 Ne4 12. Ne1 a5 13. f3 Nd6 14. e4 Bxc4 15. bxc4 b5 16. cxb5 cxb5 17.
e5 Nc4 18. Bxc4 bxc4 19. Rxc4 Nb6 20. Rc5 Qd7 21. Nc2 Na4 22. Ba3 Nxc5 23. Bxc5 Rfc8 24.
Qe2 e6 25. h4 Qd5 26. Ne3 Qb7 27. Nc4 Qb5 28. Qc2 Rxc5 29. dxc5 Qxc5+ 30. Kh1 Rc8 31.
Rc1 Bxe5 32. h5 Bf4 33. hxg6 Qh5+ 34. Kg1 Be3+ 35. Nxe3 Rxc2 36. Rxc2 hxg6 37. Ng4 Qg5 38. Re2 Qc5+ 39. Kh2 Kg7 40. Re4 Qc2 41. a4 f5 42.
Rxe6 fxg4 43. fxg4 Qc7+ 44. g3 Qc2+ 45. Kh3 Qxa4 46. g5 Qb4 47. g4 Qb3+ 48. Kh4 Qxe6 49. Kg3 a4 50. Kh4 a3 51. Kh3 a2 52. Kh4 a1=Q 53.
Kg3 Qe3+ 54. Kh4 Qh1# 0-1

[Event "Late-Titled-Tuesday-Blitz-October-24-2023"]
[Site "Chess.com"]
[Date "2023.10.24"]
[Round "7"]
[White "NMJeevanK"]
[Black "ejalmedina"]
[Result "1-0"]
[WhiteElo "2581"]
[BlackElo "2316"]
[TimeControl "180+1"]
[EndTime "15:14:10 PDT"]
[Termination "NMJeevanK won by checkmate"]

1. e4 c6 2. d4 d5 3. exd5 cxd5 4. Bd3 Nc6 5. c3 Nf6 6. Bf4 Bg4 7. Nf3 e6 8. Nbd2 Bd6 9. Bxd6 Qxd6 10. Qb3 O-O 11.
O-O Rab8 12. a4 b6 13. Rfe1 Rfc8 14. Ne5 Bh5 15. Nxc6 Rxc6 16. Nf1 Bg6 17. Bxg6 hxg6 18. Ng3 a6 19. Re3 b5 20. axb5 axb5 21. Ne2 b4 22.
Qd1 bxc3 23. bxc3 Qc7 24. Rc1 Ne4 25. Rh3 Rb2 26. Qd3 Rd2 27. Qf3 Ng5 28. Qe3 Nxh3+ 29.
gxh3 Rb2 30. Ra1 Rb8 31. h4 Rcb6 32. Kg2 Rb1 33. Ra6 R1b2 34. Ng3 Qc4 35. Ra7 Rc2 36. Qf4 Rbb2 37. Qxf7+ Kh8 38. Qxg7# 1-0

[Event "Late-Titled-Tuesday-Blitz-October-24-2023"]
[Site "Chess.com"]
[Date "2023.10.24"]
[Round "7"]
[White "Mykola-Bortnyk"]
[Black "WPWPWP-2015"]
[Result "1-0"]
[WhiteElo "2944"]
[BlackElo "2601"]
[TimeControl "180+1"]
[EndTime "15:14:11 PDT"]
[Termination "Mykola-Bortnyk won by checkmate"]

1. e4 e5 2. Nf3 Nc6 3. Bc4 Nf6 4. Ng5 d5 5. exd5 Na5 6. d3 Nxc4 7. dxc4 h6 8. Nf3 e4 9. Nd4 Bd6 10. Nc3 O-O 11. Be3 Re8 12. Qd2 Ng4 13. O-O-O Nxe3 14. fxe3 a6 15. Rdf1 Qg5 16. h4 Qh5 17. Qf2 Be5 18. Nf5 Bxc3 19. bxc3 Rf8 20. g4 Qxg4 21. Nxh6+ gxh6 22. Rhg1 h5 23. Qf6 Kh7 24. Kb2 Qxg1 25. Rxg1 Bg4 26.
Rxg4 hxg4 27. Qf5+ Kh6 28. Qg5+ Kh7 29. Qh5+ Kg7 30.
Qxg4+ Kh6 31. Qf4+ Kg7 32. Qxe4 f5 33. Qe5+ Kg6 34.
Qxc7 Rf7 35. Qg3+ Kh7 36. c5 Rg8 37. Qe5 Rg4 38. Qe6 Kg7 39. h5 Re4 40. h6+ Kf8 41.
Qd6+ Ree7 42. a4 Kg8 43. Qg6+ Kh8 44. d6 Rd7 45. a5 f4 46. exf4 Rh7 47. Qe8# 1-0

[Event "Late-Titled-Tuesday-Blitz-October-24-2023"]
[Site "Chess.com"]
[Date "2023.10.24"]
[Round "7"]
[White "dedpihto_v_kozhanom_palto"]
[Black "financieru"]
[Result "1-0"]
[WhiteElo "2647"]
[BlackElo "2401"]
[TimeControl "180+1"]
[EndTime "15:14:13 PDT"]
[Termination "dedpihto_v_kozhanom_palto won by resignation"]

1. c4 Nf6 2. Nc3 g6 3. e4 d6 4.
d4 Bg7 5. f4 O-O 6. Nf3 c5 7. d5 Na6 8. Bd3 Nc7 9. O-O a6 10.
e5 Nfe8 11. a4 b6 12. Be3 Rb8 13. Qd2 Bd7 14. Rae1 b5 15. axb5 axb5 16. b3 bxc4 17. bxc4 Na6 18. Bf2 Nb4 19. Bb1 Qa5 20. Ne4 Bf5 21. h3 Qa3 22. e6 fxe6 23. dxe6 Nc7 24. Nxd6 exd6 25. e7 Rfe8 26. Bxf5 gxf5 27. Qxd6 Rbc8 28.
Bxc5 Nca6 29. Qe6+ Kh8 30. Ng5 Bc3 31. Qxf5 1-0

[Event "Late-Titled-Tuesday-Blitz-October-24-2023"]
[Site "Chess.com"]
[Date "2023.10.24"]
[Round "7"]
[White "Balla_Tamas"]
[Black "iJueles"]
[Result "0-1"]
[WhiteElo "2336"]
[BlackElo "2472"]
[TimeControl "180+1"]
[EndTime "15:14:15 PDT"]
[Termination "iJueles won by resignation"]

1. e4 c6 2. d4 d5 3. exd5 cxd5 4.
c4 Nf6 5. Nc3 Nc6 6. Bg5 e6 7.
Nf3 Be7 8. cxd5 Nxd5 9. Bxe7 Ndxe7 10. Bd3 Ng6 11. O-O O-O 12. Be4 Bd7 13. Qe2 Qb6 14.
Rad1 Nce7 15. Bb1 Bc6 16. Rfe1 Bxf3 17. Qxf3 Rfd8 18. Qe3 Rac8 19. Re2 a6 20. Ne4 Nf5 21. Qh3 Rxd4 22. Rde1 Rcd8 23. Ng5 h6 24. Bxf5 exf5 25. Re8+ Rxe8 26. Rxe8+ Nf8 27. g3 Rd1+ 28. Kg2 Qc6+ 29. Nf3 Qxe8 0-1

[Event "Late-Titled-Tuesday-Blitz-October-24-2023"]
[Site "Chess.com"]
[Date "2023.10.24"]
[Round "7"]
[White "Payyappat"]
[Black "SlippperyWhenWet"]
[Result "1-0"]
[WhiteElo "2524"]
[BlackElo "2356"]
[TimeControl "180+1"]
[EndTime "15:14:18 PDT"]
[Termination "Payyappat won by resignation"]

1. e4 c5 2. Nf3 d6 3. d4 cxd4 4. Nxd4 Nf6 5. Nc3 a6 6. h4 Nc6 7. h5 h6 8. f3 e5 9. Nb3 Be6 10. Be3 d5 11. exd5 Nxd5 12. Nxd5 Qxd5 13. Qxd5 Bxd5 14.
c4 Be6 15. O-O-O Be7 16. g4 Rc8 17. Kb1 O-O 18. Bd3 Rfd8 19. Rhg1 Nb4 20. Be2 Rxd1+ 21. Rxd1 Bxc4 22. Bxc4 Rxc4 23. Rd7 Bg5 24. Bxg5 hxg5 25.
Rxb7 Nd3 26. a3 Rf4 27. Nd2 Ne1 28. Rb3 Kh7 29. Kc1 Rd4 30. Re3 Nd3+ 31. Kc2 Nf4 32. Rxe5 Rc4+ 33. Nxc4 1-0

[Event "Late-Titled-Tuesday-Blitz-October-24-2023"]
[Site "Chess.com"]
[Date "2023.10.24"]
[Round "7"]
[White "HeroRubiksCube"]
[Black "Darko-Dimitrijevic"]
[Result "0-1"]
[WhiteElo "2493"]
[BlackElo "2138"]
[TimeControl "180+1"]
[EndTime "15:14:21 PDT"]
[Termination "Darko-Dimitrijevic won by resignation"]

1. e4 c5 2. Nf3 e6 3. d4 cxd4 4. Nxd4 Nf6 5. Nc3 Bb4 6. e5 Nd5 7. Qg4 O-O 8. Bd2 f5 9. exf6 Nxf6 10. Qh4 Nc6 11. Nxc6 bxc6 12. Bd3 d5 13. O-O Be7 14.
Bg5 h6 15. Bf4 Ne4 16. Qg4 e5 17. Qg6 Rf6 18. Qh5 exf4 19. Bxe4 dxe4 20. Nxe4 Rf5 21. Qg6 Bd7 22. Rad1 Rd5 23. c4 Rxd1 24. Rxd1 Qe8 25. Qxe8+ Bxe8 26. c5 Rb8 27. b3 Rb4 28. f3 Bg6 29.
Nc3 Bxc5+ 30. Kf1 Rd4 0-1

[Event "Late-Titled-Tuesday-Blitz-October-24-2023"]
[Site "Chess.com"]
[Date "2023.10.24"]
[Round "7"]
[White "HamedWafa4"]
[Black "hblanco"]
[Result "1-0"]
[WhiteElo "2614"]
[BlackElo "2723"]
[TimeControl "180+1"]
[EndTime "15:14:22 PDT"]
[Termination "HamedWafa4 won by resignation"]

1. e4 e5 2. Nf3 Nc6 3. Bb5 f5 4. d3 fxe4 5. dxe4 Nf6 6. O-O Bc5 7. Qd3 d6 8. Qc4 Bd7 9. Bxc6 Bxc6 10. Nxe5 dxe5 11. Qxc5 Nxe4 12. Qxe5+ Qe7 13. Qxe7+ Kxe7 14. f3 Nc5 15. Bg5+ Kf7 16. Nd2 Na4 17. b3 Nc3 18.
Rfe1 Rhe8 19. Nc4 Bd5 20. Ne5+ Kg8 21. Bd2 Nb5 22. c4 Nd4 23. cxd5 Nc2 24. Nc4 Nxa1 25.
Rxa1 Rad8 26. Ne3 c6 27. Rc1 Rd7 28. Kf2 cxd5 29. f4 d4 30. Ng4 Ree7 31. Rc4 b5 32. Rc8+ Kf7 33. Ne5+ Ke6 34. Nxd7 Rxd7 35. Rc5 1-0

[Event "Late-Titled-Tuesday-Blitz-October-24-2023"]
[Site "Chess.com"]
[Date "2023.10.24"]
[Round "7"]
[White "CraiggoryC"]
[Black "The_Princess_Moon"]
[Result "1-0"]
[WhiteElo "2192"]
[BlackElo "2334"]
[TimeControl "180+1"]
[EndTime "15:14:22 PDT"]
[Termination "CraiggoryC won by checkmate"]

1. e4 c5 2. Nf3 a6 3. c3 d5 4. exd5 Qxd5 5. d4 Nf6 6. Be2 Bg4 7. O-O cxd4 8. cxd4 e6 9. Nc3 Qd6 10. Be3 Be7 11.
Ne5 Bxe2 12. Qxe2 O-O 13. Rfd1 Nbd7 14. Nc4 Qc7 15. Rac1 Rac8 16. Ne5 Qa5 17. Nxd7 Nxd7 18. d5 exd5 19. Nxd5 Bf6 20. b4 Qb5 21. Qg4 Rxc1 22. Bxc1 Kh8 23. Nxf6 Nxf6 24. Qg3 Re8 25. Bb2 Ne4 26.
Qxg7# 1-0

[Event "Late-Titled-Tuesday-Blitz-October-24-2023"]
[Site "Chess.com"]
[Date "2023.10.24"]
[Round "7"]
[White "cassoulet"]
[Black "DanylaBagrov"]
[Result "1-0"]
[WhiteElo "2793"]
[BlackElo "2570"]
[TimeControl "180+1"]
[EndTime "15:14:25 PDT"]
[Termination "cassoulet won by resignation"]

1. d4 d6 2. e4 Nf6 3. Nc3 e5 4.
dxe5 dxe5 5. Qxd8+ Kxd8 6. Bg5 Bd6 7. O-O-O Nd7 8. Nf3 h6 9. Bh4 g5 10. Bg3 Nh5 11.
Bxe5 Nxe5 12. Nxe5 Be6 13. Nxf7+ Bxf7 14. e5 Ke7 15.
exd6+ cxd6 16. Bb5 Rad8 17. Rhe1+ Kf8 18. Ne4 d5 19.
Nc5 b6 20. Nd7+ Kg7 21. Ne5 Rhf8 22. Nc6 Rd7 23. Nd4 Rc7 24. g3 Nf6 25. Bd3 Ng4 26. f3 Nf2 27. Rd2 Nxd3+ 28. Rxd3 Kf6 29. Rde3 Rfc8 30.
c3 Rc4 31. Kd2 R4c7 32. Re5 a6 33. f4 gxf4 34. Rf5+ Kg6 35. gxf4 Kh7 36. Rf6 Rg8 37. Nf5 Rg2+ 38. Re2 Rxe2+ 39. Kxe2 Bg6 40. Nd4 Rg7 41. f5 Bh5+ 42. Kf2 a5 43. Rxb6 Bd1 44. Rb5 a4 45. Rxd5 Rg4 46. Rd7+ Kg8 47. Ne6 Bc2 48. f6 Bg6 49. Rg7+ Kh8 50. f7 1-0

[Event "Late-Titled-Tuesday-Blitz-October-24-2023"]
[Site "Chess.com"]
[Date "2023.10.24"]
[Round "7"]
[White "Semetey"]
[Black "PushingpawnsNYC"]
[Result "1-0"]
[WhiteElo "2523"]
[BlackElo "2350"]
[TimeControl "180+1"]
[EndTime "15:14:26 PDT"]
[Termination "Semetey won on time"]

1. a3 d5 2. e3 Nf6 3. c4 e6 4. b4 Be7 5. Bb2 O-O 6. Nf3 c5 7. b5 a6 8. bxa6 Nxa6 9. Be2 Bd7 10. Nc3 Nc7 11. Qb3 Rb8 12. a4 Bc6 13. Nb5 Na6 14. O-O Nb4 15. Rfd1 dxc4 16. Bxc4 Bxf3 17. gxf3 Nfd5 18. d4 b6 19. dxc5 Bxc5 20. Kh1 Qh4 21. Rg1 f6 22. Rg3 Rf7 23. Rag1 Rbb7 24. R1g2 Rbd7 25.
Rg4 Qh3 26. e4 h5 27. R4g3 Qh4 28. exd5 exd5 29. Bf1 Qf4 30. Qd1 d4 31. Bc4 Nd5 32.
Bxd4 Bxd4 33. Qxd4 h4 34. Qxf4 1-0

[Event "Late-Titled-Tuesday-Blitz-October-24-2023"]
[Site "Chess.com"]
[Date "2023.10.24"]
[Round "7"]
[White "Kostukov_Alex"]
[Black "Likvidator228"]
[Result "1-0"]
[WhiteElo "2438"]
[BlackElo "2563"]
[TimeControl "180+1"]
[EndTime "15:14:28 PDT"]
[Termination "Kostukov_Alex won by resignation"]

1. g3 h5 2. Nf3 d5 3. d4 c6 4. Bg2 Nf6 5. O-O Bg4 6. Ne5 Nbd7 7. c4 e6 8. Nc3 Nxe5 9. dxe5 Nd7 10. h3 Bf5 11. cxd5 cxd5 12. f4 Bc5+ 13. Kh2 g5 14. e4 dxe4 15. Nxe4 gxf4 16. Bxf4 Rc8 17. Rc1 b6 18. b4 Bxb4 19. Qa4 Rxc1 20. Nf6+ Qxf6 21. exf6 Rxf1 22. Bxf1 a5 23. Bb5 e5 24. Bxe5 Kd8 25.
Qd1 Re8 26. Bf4 h4 27. gxh4 Bc5 28. h5 Kc8 29. Qd5 Be6 30. Qa8+ 1-0

[Event "Late-Titled-Tuesday-Blitz-October-24-2023"]
[Site "Chess.com"]
[Date "2023.10.24"]
[Round "7"]
[White "campochess"]
[Black "Chessbard1972"]
[Result "0-1"]
[WhiteElo "2214"]
[BlackElo "2351"]
[TimeControl "180+1"]
[EndTime "15:14:30 PDT"]
[Termination "Chessbard1972 won by resignation"]

1. e4 c5 2. Nc3 a6 3. g3 b5 4. Bg2 Bb7 5. d3 e6 6. Nf3 Be7 7. O-O Nc6 8. Re1 b4 9. Ne2 d5 10. exd5 exd5 11. Nf4 Nf6 12. Ne5 O-O 13. Nxc6 Bxc6 14.
Bd2 Bd6 15. Nh5 Nxh5 16. Qxh5 g6 17. Qh6 Re8 18. Bg5 Qd7 19. Bh3 f5 20. Qh4 Bf8 21.
Bg2 Bg7 22. Bf6 Qf7 23. Bxg7 Kxg7 24. c4 Rad8 25. Re3 Rxe3 26. fxe3 Re8 27. Re1 Bb7 28. Qf4 d4 29. Bxb7 Qxb7 30. e4 Qe7 31. e5 Qe6 32. h4 h6 33. Qf3 Re7 34. Qa8 f4 35. Qf3 fxg3 36. Qxg3 Rf7 37. Rf1 Rxf1+ 38. Kxf1 Qf5+ 39. Ke2 g5 40. hxg5 hxg5 41. b3 Kg6 42. Qh2 Qg4+ 43.
Kd2 Qf4+ 44. Qxf4 gxf4 45. Ke2 Kf5 46. e6 Kxe6 47. Kf3 Kf5 0-1

[Event "Late-Titled-Tuesday-Blitz-October-24-2023"]
[Site "Chess.com"]
[Date "2023.10.24"]
[Round "7"]
[White "serefra99"]
[Black "HalfIsCrayfish"]
[Result "0-1"]
[WhiteElo "2411"]
[BlackElo "2549"]
[TimeControl "180+1"]
[EndTime "15:14:36 PDT"]
[Termination "HalfIsCrayfish won by resignation"]

1. d4 c5 2. d5 e6 3. Nc3 Nf6 4. e4 d6 5. Nf3 g6 6. Be2 Bg7 7. O-O O-O 8. a4 a6 9. h3 exd5 10.
exd5 Re8 11. Bf4 Ne4 12. Nxe4 Rxe4 13. Bg3 Bxb2 14. Rb1 Bg7 15. Bd3 Rxa4 16. Re1 h6 17.
Nd2 b5 18. c4 Ra3 19. Ne4 Bf5 20. cxb5 axb5 21. Bxb5 Ra1 22. Bd3 c4 23. Bxc4 Rxb1 24. Qxb1 Ra1 25. Qxa1 Bxa1 26. Nxd6 Qa5 27. Re8+ Kg7 28. Rxb8 Qe1+ 29. Kh2 Be5 30. Ne8+ Kh7 31. d6 Bd7 32. Bxf7 Bxg3+ 33. fxg3 Qe5 34. Rd8 Bc6 35. d7 Qb2 36. Nf6+ Qxf6 0-1

[Event "Late-Titled-Tuesday-Blitz-October-24-2023"]
[Site "Chess.com"]
[Date "2023.10.24"]
[Round "7"]
[White "Yushko_Olga"]
[Black "Veleamater"]
[Result "0-1"]
[WhiteElo "2138"]
[BlackElo "2334"]
[TimeControl "180+1"]
[EndTime "15:14:36 PDT"]
[Termination "Veleamater won on time"]

1. d4 d6 2. c4 g6 3. Nf3 Bg7 4. Nc3 Nf6 5. Bg5 O-O 6. e3 h6 7. Bh4 Nc6 8. Be2 g5 9. Bg3 Nd7 10. Qc2 e5 11. Rd1 f5 12. O-O f4 13. exf4 exf4 14. h4 g4 15. d5 gxf3 16. dxc6 fxe2 17. Nxe2 fxg3 18. cxd7 gxf2+ 19. Rxf2 Rxf2 20. dxc8=Q Rxc8 21.
Kxf2 Qxh4+ 22. Kg1 Rf8 23. Rf1 Rxf1+ 24. Kxf1 Be5 25.
Qg6+ Kf8 26. Qf5+ Ke7 27. Qh7+ Kd8 28. Qg8+ Kd7 29. Qf7+ Qe7 30. Qf5+ Qe6 31. Qh7+ Kc6 32. Qe4+ d5 33. Nd4+ Kd6 34. c5+ Ke7 35. Nf5+ Kd7 36. Qg4 Qf6 37. Ke2 Kc6 38. b4 a6 39. Kd3 b6 40. cxb6 cxb6 41. Qh5 Kb5 42. g4 Bf4 43. Qe8+ Kxb4 0-1

[Event "Late-Titled-Tuesday-Blitz-October-24-2023"]
[Site "Chess.com"]
[Date "2023.10.24"]
[Round "7"]
[White "igorkovalenko"]
[Black "dropstoneDP"]
[Result "0-1"]
[WhiteElo "2941"]
[BlackElo "3108"]
[TimeControl "180+1"]
[EndTime "15:14:39 PDT"]
[Termination "dropstoneDP won by resignation"]

1. c4 e5 2. Nc3 Nf6 3. Nf3 Nc6 4. g3 d5 5. cxd5 Nxd5 6. Bg2 Nb6 7. O-O Be7 8. a3 O-O 9. b4 Be6 10. d3 f6 11. Bb2 Re8 12. e3 Bf8 13. Qc2 Qd7 14. Rfd1 Bh3 15. b5 Bxg2 16. Kxg2 Na5 17. d4 exd4 18.
Rxd4 Qf7 19. Rad1 Nac4 20. a4 a6 21. Nd5 Nxb2 22. Nxb6 Nxd1 23. Nxa8 Nxe3+ 24. fxe3 Rxa8 25. bxa6 Rxa6 26. Rd8 Rd6 27. Rxd6 Bxd6 28. e4 g6 29. Qb2 b6 30. Qc2 Kg7 31. Nd4 Bc5 32. Nb3 Bd6 33. a5 bxa5 34. Nxa5 Qe6 35. Nc6 h5 36. Nd4 Qe5 37. Nf3 Qb5 38. Nd4 Qe5 39. Nf3 Qc5 40. Qa4 Qe3 41. Qc2 g5 42. e5 Bxe5 43. Qc6 Qe2+ 44. Kg1 Bd6 45. Qd7+ Kg6 46. Qc6 h4 47. gxh4 g4 48. h5+ Kh6 49. Qc3 Qxf3 0-1

[Event "Late-Titled-Tuesday-Blitz-October-24-2023"]
[Site "Chess.com"]
[Date "2023.10.24"]
[Round "7"]
[White "Skatchkov_V"]
[Black "ellatambien"]
[Result "0-1"]
[WhiteElo "2551"]
[BlackElo "2652"]
[TimeControl "180+1"]
[EndTime "15:14:42 PDT"]
[Termination "ellatambien won by resignation"]

1. d4 Nf6 2. c4 e6 3. Nf3 d5 4. g3 Be7 5. Bg2 O-O 6. Nc3 Nc6 7.
O-O dxc4 8. e3 Rb8 9. Nd2 Na5 10.
Qe2 b5 11. a4 c6 12. axb5 cxb5 13. Rd1 a6 14. e4 Bb7 15. d5 exd5 16. e5 d4 17.
exf6 Bxf6 18. Nde4 Nb3 19. Rb1 Re8 20. Qg4 Qb6 21.
Bf4 dxc3 22. Rd6 Bxe4 23. Rxb6 Rxb6 24. Bxe4 Nd2 25. Qd7 Rbe6 26. Bf5 R6e7 27. Qd5 Nxb1 28. Bxb1 Re1+ 29. Kg2 Rxb1 30. bxc3 Rbe1 31. Be3 h6 32. Qc6 Re6 33. Qa8+ Kh7 34. Bf4 0-1

[Event "Late-Titled-Tuesday-Blitz-October-24-2023"]
[Site "Chess.com"]
[Date "2023.10.24"]
[Round "7"]
[White "Krakozia"]
[Black "mbojan"]
[Result "1-0"]
[WhiteElo "2936"]
[BlackElo "2775"]
[TimeControl "180+1"]
[EndTime "15:14:44 PDT"]
[Termination "Krakozia won by resignation"]

1. c4 g6 2. Nc3 Bg7 3. d4 d6 4. e4 Nf6 5. Be2 Nbd7 6. Nf3 e5 7. O-O O-O 8. Be3 c6 9. d5 c5 10. Ne1 Kh8 11. Nd3 Ng8 12. Qd2 f5 13. f4 g5 14.
g3 exf4 15. gxf4 g4 16. e5 dxe5 17. Nxc5 exf4 18. Rxf4 Ne5 19. Bd4 Ng6 20. Bxg7+ Kxg7 21. Rf2 b6 22. Nd3 h6 23. Raf1 Qg5 24. Qxg5 hxg5 25.
c5 bxc5 26. Nxc5 Nf6 27. Bc4 Nf4 28. Rxf4 gxf4 29. Rxf4 Nh5 30. Rd4 f4 31. d6 Bf5 32.
d7 Rad8 33. Be6 Kf6 34. Bxf5 Kxf5 35. Rd5+ Kg6 36. Ne6 Rh8 37. Ne4 Nf6 38. Rg5+ Kf7 39. Nxd8+ Rxd8 40. Rf5 1-0